 Dungeon Crawl Stone Soup version 0.29-a0-96-g93358da72b (webtiles) character file.

Game seed: 17087228333186848189

465 Sweetruy1997 the Slasher (level 6, -1/44 HPs)
             Began as a Demonspawn Chaos Knight on Feb 13, 2022.
             Was a Plaything of Xom.
             Slain by Grinder (3 damage)
             ... on level 3 of the Dungeon.
             The game lasted 00:08:37 (2578 turns).

Sweetruy1997 the Slasher (Demonspawn Chaos Knight)  Turns: 2578, Time: 00:08:38

Health: -1/44      AC:  6    Str: 12    XL:     6   Next: 80%
Magic:  1/9        EV: 11    Int: 16    God:    Xom [....*.]
Gold:   113        SH:  0    Dex: 12    Spells: 4/9 levels left

rFire   . . .      SeeInvis .   a - +0 falchion (chaos)
rCold   . . .      Faith    .   (no shield)
rNeg    . . .      Spirit   .   b - +3 leather armour
rPois   .          Reflect  .   (no helmet)
rElec   .          Harm     .   (no cloak)
rCorr   .          Rampage  .   (no gloves)
Will    .....      Clarity  +   (no boots)
Stlth   +++.......              (no amulet)
HPRegen 0.94/turn               (no ring)
MPRegen 0.11/turn               (no ring)

@: brilliant
A: thin skeletal structure 1, ignite blood 1, weakness stinger 1, clarity,
clumsy 1, frail 1, regeneration 1, MP-powered wands
a: Renounce Religion


You were on level 3 of the Dungeon.
You worshipped Xom.
You were a beloved toy of Xom.
You visited 1 branch of the dungeon, and saw 3 of its levels.

You collected 113 gold pieces.

Inventory:

Hand Weapons
 a - a +0 falchion of chaos (weapon)
Armour
 b - a +3 leather armour (worn)
Scrolls
 c - 2 scrolls of fog {unknown}
 g - a scroll of torment {unknown}
 i - a scroll of identify {unknown}
 k - a scroll of holy word {unknown}
Potions
 e - a potion of invisibility {unknown}
 f - a potion of attraction {unknown}
 h - a potion of haste {unknown}
 l - a potion of mutation {unknown}


   Skills:
 + Level 4.6 Fighting
 + Level 5.3 Long Blades
 + Level 2.1 Throwing
 - Level 2.0 Armour
 - Level 1.0 Dodging
 + Level 3.1 Stealth
 - Level 1.0 Shields
 + Level 2.4 Spellcasting
 + Level 2.6 Conjurations
 + Level 2.3 Hexes
 + Level 2.6 Summonings
 + Level 2.5 Necromancy
 + Level 2.1 Translocations
 + Level 2.1 Transmutations
 + Level 2.7 Fire Magic
 + Level 2.1 Ice Magic
 + Level 2.1 Air Magic
 + Level 2.1 Earth Magic
 + Level 2.3 Poison Magic
 + Level 3.1 Invocations
 + Level 3.1 Evocations


You had 4 spell levels left.
You knew the following spells:

 Your Spells              Type           Power      Damage    Failure   Level
a - Magic Dart            Conj           60%        1d6       9%          1
b - Searing Ray           Conj           30%        2d5       13%         2
c - Animate Skeleton      Necr           30%        N/A       9%          1
d - Pain                  Necr           60%        1d7       9%          1

Your spell library contained the following spells:

 Spells                   Type           Power      Damage    Failure   Level
 Vampiric Draining        Necr           15%        2d7       26%         3
 Confusing Touch          Hex            14%        N/A       28%         3
 Fulminant Prism          Conj/Hex       7%         3d7       65%         4
 Yara's Violent Unravell  Hex/Tmut       6%         3d5       95%         5
 Enfeeble                 Hex            7%         N/A       100%        7


Dungeon Overview and Level Annotations

Branches:
Dungeon (3/15)

Altars:
Xom

Shops:
D:2 (

Annotations:
D:3 Grinder


Innate Abilities, Weirdness & Mutations

You have a somewhat thin skeletal structure. (Dex +2, Stealth+)
Your demonic aura sometimes causes spilled blood to erupt in flames.
You have a small tail.
You possess an exceptional clarity of mind.
You are clumsy. (Dex -2)
You are frail. (-10% HP)
Your natural rate of healing is unusually fast.
You expend magic power (3 MP) to strengthen your wands.


Message History

(Press . to maintain the ray.) Grinder closely misses you.
Your magical contamination has completely faded away.
You closely miss Grinder. You tail-slap Grinder.
Grinder is moderately wounded.
Grinder barely misses you.
You slash Grinder!
Grinder is heavily wounded.
Grinder hits you.
The magic dart hits Grinder.
Grinder is heavily wounded.
Grinder hits you.
You writhe in agony.
You barely miss Grinder.
Grinder is heavily wounded.
Grinder hits you but does no damage.
You slash Grinder! You burn Grinder.
Your tail-slap misses Grinder.
Grinder is severely wounded.
Grinder hits you.
You writhe in agony.
You hit Grinder but do no damage. You tail-slap Grinder.
Grinder is severely wounded.
Grinder hits you.
You writhe in agony.
You hit Grinder but do no damage.
Grinder is severely wounded.
Grinder blinks!
You feel clever all of a sudden.
You closely miss Grinder.
Grinder is severely wounded.
Grinder hits you.
You writhe in agony.
You closely miss Grinder.
Grinder is severely wounded.
Grinder gestures at you. Pain shoots through your body!
* * * LOW HITPOINT WARNING * * *
You slash Grinder! You burn Grinder.
Grinder is almost dead.
Grinder hits you.
* * * LOW HITPOINT WARNING * * *
You writhe in agony.
You die... "Boring in life, boring in death..."

#.#
#.##.........##.###...#
#.#####
#.#...........##......#
....^.#
#.#.....≈......#####..#
......##
#.'....≈.≈≈≈... #..#
......<#
###....≈...§... #..#
......## #....§[≈$§...
###..## ......#
#....≈.$.≈... #.....#
......# ##..5≈≈≈.≈...
#.....# ......#
#...@..≈.... #.....#
......# ##..........
#..)... ......#
##......... #......
......#
###......####......
......#
#######.........
###.........
#..........#
#..........#
#..........#


You could see Grinder.

Vanquished Creatures
  Sigmund (D:3)
  A centaur zombie (D:3)
  Jessica (D:2)
  A gnoll (D:1)
  3 adders (D:2)
  2 worms (D:2)
  2 dart slugs
  A ball python (D:3)
  4 bats
  5 endoplasms
  4 giant cockroaches (D:1)
  6 goblins
  3 hobgoblins
  2 jackals (D:2)
  8 kobolds
  A quokka (D:1)
  5 frilled lizards
  4 rats
54 creatures vanquished.

Vanquished Creatures (others)
  A centaur zombie (D:3)
1 creature vanquished.

Grand Total: 55 creatures vanquished

Notes
Turn   | Place    | Note
-------+----------+-------------------------------------------
     0 | D:1      | Sweetruy1997 the Demonspawn Chaos Knight began the quest
                  | for the Orb.
     0 | D:1      | Reached XP level 1. HP: 18/18 MP: 1/1
    22 | D:1      | Gained mutation: You have a small tail. [demonic ancestry]
    22 | D:1      | Reached XP level 2. HP: 17/24 MP: 2/2
   123 | D:1      | Reached skill level 3 in Long Blades
   169 | D:1      | XOM: potion effect (curing)
   190 | D:1      | XOM: silly message
   315 | D:1      | XOM: divination: detect creatures
   384 | D:1      | Gained mutation: You have a somewhat thin skeletal
                  | structure. (Dex +2, Stealth+) [demonic ancestry]
   384 | D:1      | Reached XP level 3. HP: 29/29 MP: 3/3
   436 | D:1      | XOM: scenery: create altars
   855 | D:1      | XOM: torment (16/29 hp)
   856 | D:1      | XOM: give mutation
   856 | D:1      | Gained mutation: You are frail. (-10% HP) [Xom's mischief]
  1006 | D:2      | Found Daisiro's Weapon Emporium.
  1100 | D:2      | Reached skill level 1 in Dodging
  1282 | D:2      | XOM: smoke on damage
  1519 | D:2      | Noticed Jessica
  1530 | D:2      | Killed Jessica
  1531 | D:2      | Reached skill level 1 in Stealth
  1531 | D:2      | Reached XP level 4. HP: 9/32 MP: 4/4
  1531 | D:2      | XOM: give mutations
  1531 | D:2      | Gained mutation: You expend magic power (3 MP) to
                  | strengthen your wands. [Xom's grace]
  1531 | D:2      | Gained mutation: Your natural rate of healing is unusually
                  | fast. [Xom's grace]
  1531 | D:2      | Gained mutation: You possess an exceptional clarity of
                  | mind. [Xom's grace]
  1615 | D:2      | XOM: god gift: dire flail {god gift}
  1653 | D:2      | Reached skill level 4 in Long Blades
  1659 | D:2      | Learned a level 1 spell: Magic Dart
  1673 | D:2      | XOM is BORED!
  1673 | D:2      | XOM: chaos upgrade
  1720 | D:2      | XOM: scenery: create altars
  1788 | D:2      | Noticed a golden eye
  1794 | D:2      | Found a faded altar of an unknown god.
  1797 | D:2      | Noticed an eye of devastation
  1797 | D:2      | Noticed a golden eye
  1797 | D:2      | Noticed a floating eye
  1851 | D:2      | XOM: give mutation
  1851 | D:2      | Gained mutation: You are clumsy. (Dex -2) [Xom's mischief]
  1982 | D:2      | XOM: silly message
  2159 | D:3      | Reached skill level 1 in Shields
  2159 | D:3      | Gained mutation: Your demonic aura sometimes causes spilled
                  | blood to erupt in flames. [demonic ancestry]
  2159 | D:3      | Reached XP level 5. HP: 22/37 MP: 5/5
  2272 | D:3      | Noticed Sigmund
  2278 | D:3      | XOM: silly message
  2281 | D:3      | XOM: potion effect (experience)
  2281 | D:3      | Reached skill level 5 in Long Blades
  2281 | D:3      | Reached XP level 6. HP: 44/44 MP: 1/9
  2282 | D:3      | Noticed Grinder
  2285 | D:3      | Paralysed by Grinder for 6 turns
  2289 | D:3      | XOM: silly message
  2312 | D:3      | XOM: potion effect (invisibility)
  2314 | D:3      | XOM: potion effect (might)
  2383 | D:3      | Learned a level 2 spell: Searing Ray
  2385 | D:3      | Learned a level 1 spell: Animate Skeleton
  2387 | D:3      | Learned a level 1 spell: Pain
  2460 | D:3      | Killed Sigmund
  2561 | D:3      | XOM: cast spell 'Metabolic Englaciation'
  2578 | D:3      | HP: 2/44 [Grinder (3)]
  2578 | D:3      | Slain by Grinder

Illustrated notes

Levels and vault maps discovered:
D:1:      dpeg_arrival_simpleton_b, layout_loops_ring, minmay_small_reverse_x
D:2:      layout_loops_ring, hellmonk_ecumenical_altar_watching_god,
          serial_shops, shop, nicolae_figureground_pulse, uniq_jessica
D:3:      layout_basic, kennysheep_potato, uniq_sigmund, uniq_grinder

Skill      XL: |  1  2  3  4  5  6 |
---------------+-------------------+-----
Long Blades    | 3 4 5 |  5.3
Armour         | 2 |  2.0
Dodging        | 1 |  1.0
Stealth        | 1 2 3 |  3.1
Shields        | 1 |  1.0
Fighting       | 4 |  4.6
Throwing       | 2 |  2.1
Spellcasting   | 2 |  2.4
Conjurations   | 2 |  2.6
Hexes          | 2 |  2.3
Summonings     | 2 |  2.6
Necromancy     | 2 |  2.5
Translocations | 2 |  2.1
Transmutations | 2 |  2.1
Fire Magic     | 2 |  2.7
Ice Magic      | 2 |  2.1
Air Magic      | 2 |  2.1
Earth Magic    | 2 |  2.1
Poison Magic   | 2 |  2.3
Invocations    | 3 |  3.1
Evocations     | 3 |  3.1

Action                   |  1- 3 |  4- 6 || total
-------------------------+-------+-------++-------
Melee: Falchion          |    78 |    67 ||   145
       Tailslap          |     8 |    12 ||    20
       Punch             |     1 |       ||     1
 Cast: Magic Dart        |       |     9 ||     9
       Searing Ray       |       |     3 ||     3
  Use: Potion            |       |     2 ||     2
       Scroll            |       |     1 ||     1
 Stab: Sleeping          |     4 |     6 ||    10
Armor: Leather armour    |    31 |    37 ||    68
Dodge: Dodged            |    40 |    20 ||    60
Block: Kite shield       |    16 |    20 ||    36

Table legend: (Time is in decaauts)
 A = Elapsed time spent in this place.
 B = Non-inter-level travel time spent in this place.
 C = Inter-level travel time spent in this place.
 D = Time resting spent in this place.
 E = Time spent auto-exploring this place.
 F = Levels seen in this place.
 G = Mean time per level.
                   A        B        C        D        E       F      G
               +--------+--------+--------+--------+--------+-----+--------+
         Total |   2613 |   2571 |     42 |    343 |   1673 |   3 |  871.0 |
       Dungeon |   2613 |   2571 |     42 |    343 |   1673 |   3 |  871.0 |
               +--------+--------+--------+--------+--------+-----+--------+

Top non-repeatable levels by time:
     D:2: 1145 daAuts
     D:1: 1013 daAuts
     D:3: 455 daAuts
